 Dungeon Crawl Stone Soup version 0.30-a0-737-gf23d94013f (webtiles) character file.

Game seed: 11868946173824231210

301 Pooter the Trooper (level 6, -1/58 HPs)
             Began as a Minotaur Berserker on Feb 3, 2023.
             Was a Follower of Trog.
             Slain by a gnoll
             ... wielding a +0 spear
              (6 damage)
             ... on level 3 of the Dungeon.
             The game lasted 00:07:03 (1736 turns).

Pooter the Trooper (Minotaur Berserker)             Turns: 1736, Time: 00:07:04

Health: -1/58      AC:  8    Str: 24    XL:     6   Next: 14%
Magic:  5/5        EV: 10    Int:  4    God:    Trog [*.....]
Gold:   114        SH:  0    Dex:  9    Spells: 5/5 levels left

rFire   . . .      SeeInvis .    l - +0 scythe
rCold   . . .      Faith    .    (shield currently unavailable)
rNeg    . . .      Spirit   .    p - +0 scale mail
rPois   .          Reflect  .    (helmet restricted)
rElec   .          Harm     .    g - +0 cloak
rCorr   .          Rampage  .    m - +0 pair of gloves
Will    .....                    (no boots) Stlth
                                 (no amulet)
HPRegen 0.29/turn                (no ring)
MPRegen 0.09/turn                (no ring)

@: on berserk cooldown, slowed, very slow
A: horns 2, retaliatory headbutt
a: Renounce Religion, Berserk


You were on level 3 of the Dungeon.
You worshipped Trog.
Trog was aware of your devotion.
You visited 1 branch of the dungeon, and saw 3 of its levels.

You collected 114 gold pieces.

Inventory:

Hand Weapons
 a - a +0 hand axe
 f - a +0 flail
   (You took it off a gnoll on level 1 of the Dungeon)
 l - a +0 scythe (weapon)
   (You took it off Sigmund on level 2 of the Dungeon)
Missiles
 c - 10 poisoned darts (quivered)
 Q - 30 stones
Armour
 g - a +0 cloak (worn)
   (You found it on level 1 of the Dungeon)
 m - a +0 pair of gloves (worn)
   (You found it on level 2 of the Dungeon)
 p - a +0 scale mail (worn)
   (You found it on level 3 of the Dungeon)
Scrolls
 d - 2 scrolls of fear
 h - a scroll of blinking {unknown}
 j - a scroll of enchant armour {unknown}
 o - a scroll of poison {unknown}
 t - 2 scrolls of teleportation {@r4}
Potions
 b - a potion of curing {unknown}
 i - a potion of heal wounds {unknown}
 k - a potion of mutation {unknown}
 n - 2 potions of lignification {unknown}


   Skills:
 * Level 6.3 Fighting
 + Level 5.1(5.2) Axes
 + Level 1.1(3.4) Polearms
 - Level 2.4 Armour
 - Level 2.1 Dodging
 + Level 2.4 Stealth


You had 5 spell levels left.
You didn't know any spells.
Your spell library was empty.

Dungeon Overview and Level Annotations

Branches:
Dungeon (3/15)

Altars:


Innate Abilities, Weirdness & Mutations

You have a pair of horns on your head.
You reflexively headbutt those who attack you in melee.


Message History

The gnoll hits you from afar with a +0 spear.
The gnoll hits you but does no damage.
You slash the orc!
You kill the orc!
Trog accepts your kill. The hobgoblin hits you.
The gnoll hits you but does no damage. x2
The gnoll barely misses you. The hobgoblin barely misses you.
The gnoll hits you but does no damage.
Found 2 stones.
The hobgoblin closely misses you. The gnoll closely misses you.
The gnoll hits you from afar with a +0 spear.
Things that are here:
a +1 dagger of holy wrath; a +0 robe You puncture the gnoll!
The hobgoblin hits you but does no damage.
The gnoll closely misses you. The gnoll hits you but does no damage.
The hobgoblin hits you but does no damage.
The gnoll hits you but does no damage. The gnoll closely misses you.
The gnoll barely misses you. The hobgoblin barely misses you.
You furiously retaliate!
You headbutt the hobgoblin.
You kill the hobgoblin!
Trog accepts your kill.
The gnoll hits you from afar with a +0 spear.
* * * LOW HITPOINT WARNING * * *
You hit the gnoll but do no damage. The gnoll hits you but does no damage.
The gnoll hits you with a +0 spear.
* * * LOW HITPOINT WARNING * * *
The gnoll hits you with a +0 spear!
* * * LOW HITPOINT WARNING * * *
The gnoll hits you from afar with a +0 spear.
* * * LOW HITPOINT WARNING * * *
You barely miss the gnoll. The gnoll closely misses you.
The gnoll misses you. x2
The gnoll closely misses you.
Unknown command.
You hit the gnoll. Your headbutt misses the gnoll. The gnoll misses you.
The gnoll hits you with a +0 spear.
* * * LOW HITPOINT WARNING * * *
The gnoll hits you with a +0 spear.
* * * LOW HITPOINT WARNING * * *
The gnoll hits you but does no damage.
Okay, then.
The gnoll hits you but does no damage. x2
You barely miss the gnoll. The gnoll completely misses you.
You furiously retaliate!
You headbutt the gnoll, but do no damage.
The gnoll barely misses you. The gnoll completely misses you.
You furiously retaliate!
You headbutt the gnoll. The gnoll barely misses you.
You closely miss the gnoll. The gnoll hits you with a +0 spear.
* * * LOW HITPOINT WARNING * * *
The gnoll hits you with a +0 spear.
You die...

#....#....
#####....#.(..#
.........#..#..
...............
...............#
................
..........###...
......g@g.....#
.....##))...###
... #))...# .
#.)...# #...$.#
.##.....#
#.##.....# ######
#.##..†.[#
.....###.##.....#


You could see 2 gnolls.

Vanquished Creatures
  Sigmund (D:2)
  2 orc wizards (D:3)
  3 adders (D:2)
  3 gnolls
  2 worms (D:2)
  A dart slug (D:2)
  4 orcs
  3 bats (D:1)
  2 endoplasms
  3 giant cockroaches
  6 hobgoblins
  3 quokkas
  4 rats
37 creatures vanquished.

Notes
Turn   | Place    | Note
-------+----------+-------------------------------------------
     0 | D:1      | Pooter the Minotaur Berserker began the quest for the Orb.
     0 | D:1      | Reached XP level 1. HP: 19/19 MP: 0/0
   424 | D:1      | Reached skill level 4 in Fighting
   441 | D:1      | Reached XP level 2. HP: 27/27 MP: 1/1
   475 | D:1      | Found a faded altar of an unknown god.
   710 | D:2      | Reached skill level 1 in Stealth
   710 | D:2      | Reached XP level 3. HP: 34/34 MP: 2/2
   926 | D:2      | Noticed Sigmund
  1124 | D:2      | Killed Sigmund
  1125 | D:2      | Reached skill level 5 in Fighting
  1125 | D:2      | Reached XP level 4. HP: 44/44 MP: 3/3
  1125 | D:2      | Reached XP level 5. HP: 50/50 MP: 4/4
  1543 | D:2      | Reached skill level 6 in Fighting
  1586 | D:2      | Reached skill level 5 in Axes
  1725 | D:3      | Reached skill level 1 in Polearms
  1725 | D:3      | Reached XP level 6. HP: 57/57 MP: 5/5
  1736 | D:3      | Slain by a gnoll

Illustrated notes

Levels and vault maps discovered:
D:1:      amcnicky_arrival_flooded_fountain, layout_basic,
          dreamdust_ecumenical_altar_sealed_demon
D:2:      kennysheep_six_static_rooms, layout_rooms, serial_curves,
          eino_curves_01, eino_curves_01, uniq_sigmund
D:3:      layout_basic, grunt_ministairs_2

Skill      XL: |  1  2  3  4  5 |
---------------+----------------+-----
Fighting       | 4 5 6 |  6.3
Axes           | 4 5 |  5.1
Stealth        | 1 2 |  2.4
Polearms       | 1 |  1.1
Armour         | |  2.4
Dodging        | |  2.1

Action                     |  1- 3 |  4- 6 || total
---------------------------+-------+-------++-------
  Melee: Hand axe          |    24 |       ||    24
         Punch             |     2 |       ||     2
         Headbutt          |     3 |     6 ||     9
         Flail             |    32 |       ||    32
         Halberd           |       |    40 ||    40
  Throw: Stone             |     7 |       ||     7
 Invoke: Berserk           |     2 |     1 ||     3
    Use: Scroll            |     2 |       ||     2
 Armour: Ring mail         |    20 |     9 ||    29
         Animal skin       |     6 |       ||     6
         Scale mail        |       |    32 ||    32
  Dodge: Dodged            |    37 |    45 ||    82

Table legend: (Time is in decaauts)
 A = Elapsed time spent in this place.
 B = Non-inter-level travel time spent in this place.
 C = Inter-level travel time spent in this place.
 D = Time resting spent in this place.
 E = Time spent auto-exploring this place.
 F = Levels seen in this place.
 G = Mean time per level.
                   A        B        C        D        E       F      G
               +--------+--------+--------+--------+--------+-----+--------+
         Total |   1778 |   1728 |     50 |    280 |   1112 |   3 |  592.7 |
       Dungeon |   1778 |   1728 |     50 |    280 |   1112 |   3 |  592.7 |
               +--------+--------+--------+--------+--------+-----+--------+

Top non-repeatable levels by time:
     D:2: 976 daAuts
     D:1: 704 daAuts
     D:3: 97 daAuts
